Map: Kairos Junction LE

Players

Fatboyjr - Winner!

  • Race: Protoss Protoss
  • League: Platinum
  • Spawn Location: 11:00

Smeeeger

  • Race: Zerg Zerg
  • League: Platinum
  • Spawn Location: 5:00

VOD

Have the link to the VOD?

Description

Time

  • Played on: July 12, 2019, 8 p.m.
  • Length: 14:42
Show
View Real Time Build Order
Export as new Build Order

Fatboyjr Protoss - Winner!

Build Orders: 1 Gate Expand 

Get SALT Encoding   

  1  0:00  Probe  
  12  0:06  Probe  
  14  0:18  Pylon  
  14  0:26  Probe  
  15  0:41  Gateway, Probe  
  16  0:55  Probe  
  17  0:58  Assimilator  
  17  1:06  Probe  
  18  1:15  Probe  
  19  1:28  Nexus  
  19  1:35  Probe  
  20  1:52  Cybernetics Core  
  20  1:57  Probe  
  20  2:00  Pylon  
  21  2:09  Probe  
  22  2:17  Gateway, Probe  
  22  2:19  Warp Gate  
  23  2:25  Probe  
  24  2:31  Adept  
  24  2:35  Probe  
  26  2:41  Twilight Council  
  27  2:52  Probe  
  27  2:57  Probe  
  29  3:01  Stalker  
  29  3:04  Probe  
  32  3:09  Probe  
  33  3:16  Probe  
  34  3:22  Adept  
  34  3:24  Resonating Glaives  
  36  3:28  Probe  
  36  3:29  Probe  
  36  3:32  Assimilator  
  38  3:39  Assimilator  
  38  3:40  Probe  
  39  3:52  Probe x2  
  40  4:00  Probe  
  41  4:05  Probe  
  41  4:08  Gateway  
  43  4:10  Gateway  
  43  4:11  Pylon  
  43  4:13  Adept  
  43  4:14  Pylon  
  43  4:16  Pylon  
  45  4:21  Probe  
  46  4:29  Robotics Facility  
  46  4:33  Probe  
  47  4:47  Adept  
  47  4:48  Adept  
  47  4:49  Probe  
  48  4:55  Forge  
  48  5:00  Pylon  
  48  5:03  Adept  
  48  5:06  Adept, Probe  
  52  5:09  Adept x2  
  52  5:12  Warp Prism  
  52  5:13  Charge  
  57  5:14  Probe  
  60  5:25  Zealot  
  60  5:28  Sentry  
  64  5:30  Sentry  
  64  5:31  Zealot  
  64  5:33  Protoss Ground Weapons Level 1  
  68  5:36  Probe  
  69  5:48  Probe  
  70  6:00  Immortal  
  70  6:01  Zealot x2  
  70  6:02  Zealot x2  
  68  6:24  Templar Archives  
  68  6:26  Assimilator  
  68  6:31  Zealot x3  
  68  6:32  Zealot  
  76  6:40  Probe  
  76  6:41  Probe  
  78  6:48  Pylon  
  78  6:57  Pylon  
  78  6:58  Pylon  
  78  7:01  Pylon  
  78  7:06  Immortal, Probe x2, Pylon  
  78  7:07  Zealot  
  86  7:08  Pylon  
  86  7:12  Assimilator  
  86  7:14  Nexus  
  86  7:18  Probe x2  
  88  7:27  Adept x2  
  88  7:28  Adept  
  88  7:29  Adept  
  96  7:32  Protoss Ground Weapons Level 2  
  96  7:50  Pylon  
  96  7:52  Pylon  
  96  7:58  Zealot  
  96  7:59  Zealot  
  96  8:00  Zealot x2  
  85  8:26  Zealot  
  85  8:27  Zealot  
  85  8:29  Probe  
  84  8:37  Probe  
  78  8:47  Probe  
  73  8:55  Probe x2  
  70  8:59  Probe  
  71  9:06  Pylon  
  71  9:07  Probe x2  
  71  9:09  Pylon  
  73  9:11  Probe  
  73  9:12  Immortal  
  72  9:18  Psionic Storm  
  72  9:19  Zealot  
  72  9:20  Zealot  
  72  9:23  Nexus, Probe  
  81  9:26  Pylon  
  81  9:28  Pylon  
  81  9:29  Pylon  
  81  9:33  High Templar x2, Assimilator  
  81  9:34  Assimilator  
  85  9:42  Zealot x2  
  85  9:44  Warp Prism  
  89  9:51  Gateway  
  91  9:55  Gateway  
  91  9:57  Gateway, Probe x3  
  94  10:00  Gateway  
  94  10:02  Zealot  
  94  10:03  Zealot, Protoss Ground Weapons Level 3  
  98  10:09  Probe x2  
  98  10:11  Zealot x2  
  94  10:23  Zealot x2  
  84  10:32  High Templar x2  
  88  10:43  Probe, Observer  
  88  10:46  Zealot x2  
  88  10:48  Probe  
  94  10:50  Probe  
  94  10:51  Probe  
  94  10:56  Probe  
  97  10:58  Probe  
  97  11:01  Probe  
  100  11:06  Probe  
  100  11:08  Probe  
  90  11:13  Probe, Archon  
  90  11:18  Probe  
  90  11:25  Probe  
  89  11:31  Zealot x6  
  89  11:32  Zealot x2  
  76  11:50  Probe  
  76  11:51  High Templar x2  
  76  11:52  High Templar x4  
  76  11:53  High Templar x2  
  92  11:56  Probe  
  92  11:58  Probe  
  92  12:04  Probe  
  92  12:06  Archon x2  
  92  12:08  Probe  
  92  12:14  Probe  
  88  12:19  Probe  
  81  12:27  Probe  
  79  12:31  Stargate  
  79  12:35  Zealot x5  
  79  12:36  Zealot x3, Probe  
  95  12:42  Protoss Shields Level 1  
  95  12:43  Stargate  
  96  12:48  Probe  
  97  12:51  Probe  
  98  12:58  Photon Cannon  
  98  12:59  Probe  
  98  13:00  Probe, Photon Cannon  
  98  13:02  Photon Cannon x2  
  98  13:04  Probe  
  98  13:05  Photon Cannon  
  101  13:07  Probe  
  101  13:08  Assimilator  
  101  13:09  Zealot x3  
  108  13:12  High Templar  
  108  13:14  High Templar x2  
  108  13:15  High Templar  
  108  13:17  Probe  
  108  13:18  Archon  
  108  13:19  Archon  
  117  13:28  Probe  
  117  13:29  Probe x2  
  117  13:30  Probe  
  121  13:41  Probe x3  
  124  13:42  Probe  
  124  13:44  Fleet Beacon  
  125  13:49  Zealot x5  
  107  14:10  Zealot x2  
  107  14:11  Zealot x3  
  111  14:33  Zealot x3  
  111  14:34  Zealot x5  
Show
View Real Time Build Order
Export as new Build Order

Smeeeger Zerg 

Build Orders: Hatch First 

Get SALT Encoding   

  12  0:01  Drone  
  13  0:13  Overlord  
  13  0:19  Drone  
  14  0:31  Drone x2  
  16  0:36  Drone  
  17  0:47  Drone  
  18  0:57  Hatchery  
  18  1:04  Drone, Extractor  
  17  1:18  Spawning Pool  
  16  1:27  Drone x2  
  18  1:33  Drone  
  19  1:41  Overlord  
  19  2:02  Drone  
  19  2:07  Queen  
  22  2:13  Hatchery  
  21  2:17  Queen  
  23  2:23  Metabolic Boost  
  23  2:27  Drone  
  24  2:31  Zergling x2  
  25  2:41  Drone x3  
  28  2:45  Drone  
  29  2:52  Queen  
  29  2:57  Drone  
  32  3:00  Overlord  
  32  3:07  Drone x2  
  32  3:11  Overlord  
  34  3:16  Drone x2  
  36  3:23  Overlord  
  36  3:26  Drone x2  
  38  3:30  Zergling x4  
  40  3:40  Drone x2  
  40  3:41  Drone  
  43  3:43  Drone  
  43  3:45  Extractor  
  43  3:46  Extractor  
  43  3:47  Baneling Nest  
  41  3:50  Queen  
  41  3:55  Drone x2  
  45  3:56  Drone  
  47  4:02  Drone  
  47  4:03  Drone x2  
  47  4:04  Drone  
  47  4:05  Drone  
  47  4:08  Drone  
  52  4:17  Lair  
  52  4:34  Pneumatized Carapace  
  52  4:36  Drone x3  
  52  4:37  Drone  
  55  4:50  Drone x3  
  55  4:51  Drone x4, Overlord  
  55  4:52  Overlord x2  
  61  4:59  Spore Crawler  
  60  5:01  Spore Crawler, Drone  
  60  5:03  Drone  
  61  5:15  Drone x2  
  61  5:17  Spore Crawler, Drone x3  
  65  5:22  Zergling x2  
  65  5:23  Zergling x16  
  65  5:24  Roach Warren  
  65  5:26  Overseer  
  73  5:30  Overlord x2  
  73  5:36  Extractor  
  72  5:46  Baneling x4, Hydralisk Den  
  72  5:47  Baneling x2  
  71  5:50  Zergling x22  
  71  5:55  Zergling x4  
  71  5:56  Zergling x4  
  73  6:16  Glial Reconstitution, Muscular Augments  
  73  6:21  Drone  
  73  6:22  Drone x2  
  76  6:25  Extractor  
  76  6:28  Roach x8  
  91  6:36  Extractor  
  91  6:37  Queen  
  91  6:38  Hatchery  
  91  6:41  Drone x3  
  94  6:47  Baneling x6  
  94  6:48  Baneling x5  
  94  6:51  Overlord x3  
  94  6:52  Overseer  
  94  6:58  Drone x3  
  97  7:04  Overlord x3  
  97  7:19  Hydralisk x5  
  107  7:25  Drone x3  
  107  7:26  Overlord  
  107  7:28  Grooved Spines, Hatchery  
  109  7:41  Overseer  
  109  7:50  Hydralisk x7  
  84  8:20  Drone  
  84  8:21  Drone x8  
  83  8:33  Zergling x6  
  83  8:34  Zergling x4  
  69  8:44  Roach x3  
  69  8:45  Roach x4  
  69  8:46  Queen  
  84  8:50  Drone  
  84  8:52  Centrifical Hooks  
  85  9:01  Baneling  
  85  9:02  Baneling x9  
  85  9:03  Hydralisk x6  
  85  9:05  Queen  
  85  9:07  Drone  
  85  9:08  Drone  
  101  9:22  Drone x3, Queen  
  101  9:23  Drone x4  
  110  9:24  Spore Crawler  
  110  9:31  Hydralisk  
  109  9:32  Hydralisk x3  
  117  9:39  Drone  
  117  9:41  Evolution Chamber  
  117  9:43  Drone x3, Evolution Chamber  
  119  9:46  Drone x2  
  119  9:47  Drone  
  122  9:56  Drone x4  
  83  10:30  Hydralisk x7  
  83  10:31  Hydralisk x10  
  111  10:36  Zerg Missile Weapons Level 1  
  111  10:55  Hydralisk x4  
  119  10:59  Zergling x32  
  111  11:13  Extractor  
  111  11:15  Zergling x22  
  111  11:16  Zergling x2  
  108  11:25  Zergling x16  
  106  11:26  Zergling x4  
  106  11:27  Drone  
  106  11:31  Zergling x2  
  106  11:32  Zergling x6  
  105  11:35  Zergling x2  
  105  11:39  Hydralisk x2  
  104  11:46  Hydralisk x4  
  111  12:08  Hydralisk x10  
  107  12:15  Drone x3  
  121  12:16  Drone x2  
  121  12:17  Drone  
  121  12:22  Zerg Ground Armor Level 1  
  118  12:23  Drone x2  
  118  12:24  Drone  
  121  12:32  Hydralisk x2  
  124  12:43  Hydralisk x2  
  126  12:45  Hydralisk  
  131  12:51  Zergling x14  
  131  12:53  Hatchery  
  131  12:54  Baneling  
  131  12:55  Baneling x4  
  131  12:56  Baneling  
  136  13:01  Queen  
  136  13:03  Hydralisk, Spine Crawler, Extractor  
  136  13:04  Hydralisk  
  140  13:05  Spine Crawler  
  139  13:24  Hydralisk x2  
  143  13:28  Extractor  
  143  13:31  Extractor  
  141  13:35  Spore Crawler  
  141  13:36  Drone x3  
  141  13:37  Extractor  
  142  13:42  Hydralisk x6  
  95  14:03  Roach x13  
  95  14:04  Roach  
  95  14:06  Zergling x18  
  134  14:20  Roach  
Tags
 
Add a new tag
Caveats
  • Supply blocks, unpowered buildings, or Contaminate may cause inaccurate times.
  • Supply counts are checked every 10 seconds.